 Dungeon Crawl Stone Soup version 0.23.2-1-ga50397a (webtiles) character file.

Game seed: 5081935576877682857

1328 myga the Cudgeler (level 8, -7/126 HPs)
             Began as an Ogre Berserker on May 25, 2019.
             Was a Priest of Trog.
             Mangled by Pikel
             ... wielding a +0 whip of electrocution
              (19 damage)
             ... on level 6 of the Dungeon.
             The game lasted 00:22:05 (7071 turns).

myga the Cudgeler (Ogre Berserker)                  Turns: 7071, Time: 00:22:06

Health: -7/126     AC:  3    Str: 27    XL:     8   Next: 60%
Magic:  8/8        EV: 11    Int:  8    God:    Trog [***...]
Gold:   285        SH:  0    Dex: 10    Spells: 7/7 levels left

rFire    + . .     SeeInvis .   F - +3 morningstar
rCold    . . .     Gourm    .   (no shield)
rNeg     . . .     Faith    .   b - +0 animal skin
rPois    .         Spirit   .   (helmet restricted)
rElec    .         Reflect  .   (no cloak)
rCorr    .         Harm     .   (gloves unavailable)
MR       .....                  (boots unavailable)
Stlth    ..........             u - amulet of magic regeneration
HPRegen  0.31/turn              p - ring of protection from fire
MPRegen  0.36/turn              E - ring of stealth

@: berserking (expiring), very quick
A: large, unfitting armour, tough skin 1
a: Berserk, Trog's Hand, Renounce Religion


You were on level 6 of the Dungeon.
You worshipped Trog.
Trog was most pleased with you.
You were not hungry.

You visited 2 branches of the dungeon, and saw 7 of its levels.
You also visited: Sewer and Ossuary.

You collected 285 gold pieces.

Inventory:

Hand Weapons
 F - a +3 morningstar (weapon)
Missiles
 h - 265 stones (quivered)
 t - a throwing net
 C - a tomahawk
Armour
 b - a +0 animal skin (worn)
Jewellery
 p - a ring of protection from fire (left hand)
 s - an uncursed ring of ice
 u - an amulet of magic regeneration (around neck)
 A - the ring "Hehedghu" {+Fly Stlth-}
   (You found it in an ossuary)

   [ring of attention]

   It lets you fly.
   It makes you less stealthy.
 E - a ring of stealth (right hand)
Scrolls
 d - a scroll of immolation {unknown}
 e - a scroll of blinking
 i - 2 scrolls of enchant armour
 l - a scroll of fog
 q - 2 scrolls of teleportation
 v - a scroll of remove curse
 x - a scroll of amnesia {unknown}
 y - a scroll of fear {unknown}
 z - a scroll of enchant weapon {unknown}
Potions
 a - a potion of cancellation
 f - 6 potions of curing
 g - a potion of ambrosia
 j - a potion of invisibility
 k - a potion of might
 m - 3 potions of haste
 n - 2 potions of mutation
 o - a potion of agility
 r - a potion of berserk rage
 w - 3 potions of lignification
 B - 2 potions of heal wounds {unknown}
 D - 2 potions of flight {unknown}
Comestibles
 c - 8 rations


   Skills:
 + Level 6.7 Fighting
 + Level 6.9(7.0) Maces & Flails
   Level 1.6(5.0) Staves
 + Level 2.3 Throwing
 + Level 4.6 Dodging
 + Level 2.3 Stealth
 + Level 0.2 Evocations


You had 7 spell levels left.
You didn't know any spells.
Your spell library was empty.

Dungeon Overview and Level Annotations

Branches:
Dungeon (6/15)             Temple (1/1) D:5

Altars:
Cheibriados
Dithmenos
Elyvilon
Fedhas
Gozag
Hepliaklqana
Kikubaaqudgha
Makhleb
Nemelex Xobeh
Okawaru
Qazlal
Ru
Sif Muna
Trog
Uskayaw
Vehumet
Wu Jian
Xom
Yredelemnul
Zin
The Shining One

Annotations:
D:6 Pikel


Innate Abilities, Weirdness & Mutations

You are too large for most types of armour.
You have tough skin. (AC +1)


Message History

The slave is moderately wounded.
You puncture Pikel!
Pikel is moderately wounded.
You puncture Pikel!
Pikel is almost dead.
Pikel hits you with a +0 whip of electrocution.
* * * LOW HITPOINT WARNING * * *
You are electrocuted!
* * * LOW HITPOINT WARNING * * *
You miss Pikel.
Pikel is almost dead.
Pikel hits you but does no damage.
You barely miss Pikel.
Pikel is severely wounded.
You closely miss Pikel.
Pikel is severely wounded.
Pikel hits you with a +0 whip of electrocution.
* * * LOW HITPOINT WARNING * * *
You are electrocuted!!
You die...

**,,,** *#...,.##*
##########*$..<)..,*
#........#*#.....,,*
#..##.##.# #....**,*
#..##.##.###.#.###,**
#..##......ppp...,*,*
#..#####.###K##.#*,#*
####........###@##.##.#
##.............#)).....#
.#.##.####..†..####.####
.#....##.......# #.#
.####.##.#.....####.#####
### #.##.#.....##.......#
..# #.......#####.#.###.#
#.# #.##.########.#..##.#
#.###.##<##.......##.##.#


You could see Pikel and 3 slaves.

Vanquished Creatures
  Sigmund (D:5)
  A wraith (Ossuary)
  Duvessa (D:6)
  A sky beast (D:6)
  A slave (D:6)
  A necrophage (D:6)
  A big kobold (Sewer)
  An elf zombie (Ossuary)
  Dowan (D:6)
  A scorpion (D:5)
  3 wights (D:6)
  3 worker ants
  2 orc wizards (D:3)
  A hound skeleton (D:5)
  A hound zombie (D:5)
  3 mummies (Ossuary)
  10 adders
  A river rat (D:6)
  2 worms
  5 dart slugs
  4 leopard geckos
  13 orcs
  6 giant cockroaches
  A gnoll zombie (Ossuary)
  8 goblins
  8 hobgoblins
  2 quokkas
  7 bats
  8 frilled lizards
  3 goblin zombies (Ossuary)
  4 hobgoblin zombies (Ossuary)
  A jackal skeleton (D:5)
  6 kobolds
  4 kobold zombies (Ossuary)
  A quokka zombie (D:5)
  11 rats
128 creatures vanquished.

Notes
Turn   | Place    | Note
-------+----------+-------------------------------------------
     0 | D:1      | myga the Ogre Berserker began the quest for the Orb.
     0 | D:1      | Reached XP level 1. HP: 24/24 MP: 1/1
     4 | D:1      | Noticed an electric eel
    79 | D:1      | Reached XP level 2. HP: 24/32 MP: 2/2
   340 | D:1      | Reached ** piety under Trog
   362 | D:1      | Reached XP level 3. HP: 31/40 MP: 3/3
   711 | D:2      | Found a sacrificial altar of Ru.
   918 | D:2      | Reached XP level 4. HP: 28/49 MP: 4/4
  2632 | D:3      | Reached XP level 5. HP: 48/55 MP: 5/5
  2640 | D:3      | Reached skill level 1 in Throwing
  2931 | D:3      | Reached skill level 1 in Staves
  3206 | D:4      | You fall through a shaft!
  3206 | D:5      | Entered Level 5 of the Dungeon
  3365 | D:4      | Reached skill level 5 in Fighting
  3384 | D:4      | Reached XP level 6. HP: 30/66 MP: 6/6
  3439 | D:4      | Found a sand-covered staircase.
  3448 | Ossuary  | Entered an ossuary
  3448 | Ossuary  | Noticed a wraith
  3448 | Ossuary  | Noticed a wraith
  3448 | Ossuary  | Noticed a wraith
  3996 | Ossuary  | Reached *** piety under Trog
  4039 | Ossuary  | Noticed a wraith
  4049 | Ossuary  | Killed a wraith
  4049 | Ossuary  | Reached skill level 5 in Maces & Flails
  4049 | Ossuary  | Reached XP level 7. HP: 30/72 MP: 7/7
  4428 | Ossuary  | Got a slimy iron ring
  4430 | Ossuary  | Identified the ring "Hehedghu" {+Fly Stlth-} (You found it
                  | in an ossuary)
  5338 | D:5      | Found a staircase to the Ecumenical Temple.
  5347 | Temple   | Entered the Ecumenical Temple
  5993 | D:5      | Noticed Sigmund
  6006 | D:5      | Killed Sigmund
  6006 | D:5      | Reached skill level 1 in Stealth
  6492 | D:6      | Found a glowing drain.
  6504 | Sewer    | Entered a sewer
  6756 | Sewer    | Reached XP level 8. HP: 74/83 MP: 8/8
  6766 | Sewer    | Found a white marble altar of Elyvilon.
  7042 | D:6      | Noticed Dowan
  7044 | D:6      | Noticed Pikel
  7046 | D:6      | Noticed Duvessa
  7056 | D:6      | Killed Duvessa
  7062 | D:6      | Killed Dowan
  7071 | D:6      | Mangled by Pikel

Skill      XL: |  1  2  3  4  5  6  7  8 |
---------------+-------------------------+-----
Maces & Flails | 3 4 5 6 |  6.9
Dodging        | 3 4 |  4.6
Throwing       | 1 2 |  2.3
Staves         | 1 |  1.6
Fighting       | 5 6 |  6.7
Stealth        | 1 2 |  2.3
Evocations     | |  0.2

Action                   |  1- 3 |  4- 6 |  7- 9 || total
-------------------------+-------+-------+-------++-------
Melee: Mace              |   112 |    72 |       ||   184
       Quarterstaff      |       |    25 |       ||    25
       Flail             |       |   121 |   120 ||   241
       Morningstar       |       |       |    34 ||    34
Throw: Stone             |     6 |    46 |    22 ||    74
       Tomahawk          |       |     2 |     3 ||     5
Invok: Berserk           |       |     3 |     2 ||     5
       Trog's Hand       |       |     1 |     2 ||     3
 Abil: Evoke Flight      |       |       |     1 ||     1
  Use: Scroll            |     1 |    10 |     5 ||    16
       Potion            |     1 |     1 |     2 ||     4
 Stab: Sleeping          |       |       |     5 ||     5
  Eat: Chunk             |       |    10 |     6 ||    16
       Ration            |       |     1 |     2 ||     3
Armor: Animal skin       |    29 |    44 |    18 ||    91
Dodge: Dodged            |    61 |   105 |    58 ||   224
